 Dungeon Crawl Stone Soup version 0.30-a0-135-g630cfc4551 (webtiles) character file.

Game seed: 9882320419801962301

4505 pokeman the Thaumaturge (level 10, -8/56 HPs)
             Began as a Deep Elf Hedge Wizard on Sept 20, 2022.
             Was a Believer of Vehumet.
             Shot with an arrow by a centaur (9 damage)
             ... on level 9 of the Dungeon.
             The game lasted 00:18:58 (9237 turns).

pokeman the Thaumaturge (Deep Elf Hedge Wizard)     Turns: 9237, Time: 00:18:59

Health: -8/56      AC:  3    Str: 13    XL:     10   Next: 16%
Magic:  23/28      EV: 13    Int: 27    God:    Vehumet [**....]
Gold:   597        SH:  5    Dex: 14    Spells: 18/34 levels left

rFire   . . .      SeeInvis .    G - +8 hand axe of Deformation {venom, Will+ Int+3}
rCold   . . .      Faith    .    (no shield)
rNeg    . . .      Spirit   .    r - +0 leather armour
rPois   +          Reflect  +    c - +0 hat
rElec   .          Harm     .    (no cloak)
rCorr   .          Rampage  .    (no gloves)
Will    ++...                    (no boots)
Stlth   ++........               F - amulet of reflection
HPRegen 0.18/turn                n - +6 ring of strength
MPRegen 0.21/turn                H - ring of poison resistance

@: no status effects
A: no striking features
a: Renounce Religion


You were on level 9 of the Dungeon.
You worshipped Vehumet.
Vehumet was pleased with you.
You visited 1 branch of the dungeon, and saw 9 of its levels.

You collected 597 gold pieces.

Inventory:

Hand Weapons
 G - the +8 hand axe of Deformation (weapon) {venom, Will+ Int+3}
   (You found it on level 6 of the Dungeon)

   It poisons the flesh of those it strikes.
   Int:       It affects your intelligence (+3).
   Will:      It increases your willpower.
Armour
 c - a +0 hat (worn)
 r - a +0 leather armour (worn)
 L - a +0 helmet
Jewellery
 g - a ring of ice
 n - a +6 ring of strength (left hand)
 o - a +6 ring of strength
 t - a ring of fire
 z - a ring of protection from fire
 E - an amulet of the acrobat
 F - an amulet of reflection (around neck)
 H - a ring of poison resistance (right hand)
Wands
 y - a wand of paralysis (30)
 M - a wand of roots (6)
Scrolls
 a - a scroll of enchant weapon {unknown}
 e - 14 scrolls of identify {unknown}
 h - a scroll of torment {unknown}
 j - 3 scrolls of enchant armour {unknown}
 p - a scroll of blinking {unknown}
 q - 2 scrolls of immolation {unknown}
 u - a scroll of butterflies {unknown}
 x - 2 scrolls of fear {unknown}
 B - a scroll of teleportation {unknown}
 C - 4 scrolls of noise {unknown}
 J - a scroll of vulnerability {unknown}
 O - a scroll of magic mapping {unknown}
Potions
 b - 2 potions of lignification {unknown}
 d - a potion of magic
 f - 2 potions of invisibility {unknown}
 i - 2 potions of berserk rage {unknown}
 k - 2 potions of flight {unknown}
 l - 4 potions of mutation {unknown}
 m - a potion of degeneration {unknown}
 s - 3 potions of curing {unknown}
 v - 2 potions of brilliance {unknown}
 w - a potion of attraction {unknown}
 A - 2 potions of ambrosia {unknown}
 D - 2 potions of heal wounds {unknown}
 I - 2 potions of might
 K - a potion of haste {unknown}
 N - a potion of resistance {unknown}


   Skills:
 + Level 3.3 Fighting
 - Level 3.3 Armour
 - Level 4.0 Dodging
 - Level 4.0 Stealth
 * Level 12.9 Spellcasting
 + Level 7.3 Conjurations
 - Level 1.1 Summonings
 - Level 1.0 Necromancy
 - Level 1.1 Translocations
 - Level 1.0 Transmutations
 + Level 5.7 Fire Magic
 - Level 1.1 Air Magic
 - Level 1.1 Poison Magic
 - Level 1.0 Evocations


You had 18 spell levels left.
You knew the following spells:

 Your Spells              Type           Power      Damage    Failure   Level
a - Magic Dart            Conj           100%       1d8       1%          1
b - Mephitic Cloud        Conj/Pois/Air  34%        N/A       3%          3
c - Call Imp              Summ           23%        N/A       4%          2
d - Blink                 Tloc           46%        N/A       4%          2
e - Cigotuvi's Dreadful   Necr/Pois/Air  46%        N/A       3%          2
f - Foxfire               Conj/Fire      100%       2x1d9     1%          1
g - Kindle Blastsparks    Fire/Tloc/Air  62%        2d15      4%          3
h - Wereblood             Tmut           23%        N/A       4%          2

Your spell library contained the following spells:

 Spells                   Type           Power      Damage    Failure   Level
 Apportation              Tloc           46%        N/A       2%          1
 Beastly Appendage        Tmut           46%        N/A       2%          1
 Necrotise                Necr           92%        1d8       2%          1
 Summon Small Mammal      Summ           92%        N/A       2%          1
 Slow                     Hex            68%        N/A       4%          1
 Ensorcelled Hibernation  Hex/Ice        34%        N/A       6%          2
 Spider Form              Tmut/Pois      23%        N/A       8%          3
 Vampiric Draining        Necr           23%        2d7       8%          3
 Anguish                  Hex/Necr       10%        N/A       32%         4
 Agony                    Necr           23%        N/A       58%         5


Dungeon Overview and Level Annotations

Branches:
Dungeon (9/15)             Temple (0/1) D:5            Lair (0/5) D:8
    Orc: D:9-12

Altars:
Fedhas
Hepliaklqana
Okawaru
Ru
Uskayaw
Vehumet


Message History

Confirm with . or Enter, or press ? or * to list all spells.
A cloud of volatile blastsparks flares up around you!
An orc comes into view. It is wielding a +0 club.
An orc comes into view. It is wielding a +0 dagger.
The orc warrior attacks as you move away!
The orc warrior hits you with a +0 mace!
The orc shouts!
A centaur comes into view.
The centaur shouts!
The centaur wields a +0 shortbow.
The centaur shoots an arrow.
The arrow misses you.
The cloud of blastsparks explodes!
The concussive blast engulfs the orc warrior!
The orc warrior is moderately wounded.
The concussive blast engulfs you!
You are knocked back by the blast.
Found a whip.
Casting: Kindle Blastsparks (dangerous; 4% risk of failure)
Confirm with . or Enter, or press ? or * to list all spells.
Aiming: Mephitic Cloud (dangerous; 3% risk of failure)
Press: ? - help, Shift-Dir - straight line, f - orc warrior
Aim: an orc warrior, wielding a +0 mace and wearing a +0 chain mail (moderately wounded, chance to affect: 81%)
The ball explodes into a vile cloud!
The stinking cloud engulfs the orc warrior but does no damage.
The orc warrior is moderately wounded.
The centaur shoots an arrow.
The arrow hits you!
The centaur shoots an arrow.
The arrow barely misses you.
The orc warrior is engulfed in noxious fumes.
Unknown command.
Unknown command.
The orc warrior is engulfed in noxious fumes.
The orc warrior appears confused.
The orc warrior hits you with a +0 mace.
* * * LOW HITPOINT WARNING * * *
Unknown command.
The centaur shoots an arrow.
The arrow hits you!
* * * LOW HITPOINT WARNING * * *
The orc warrior is engulfed in noxious fumes.
The orc warrior appears confused.
Unknown command.
The centaur shoots an arrow.
The arrow hits you!
You die...

........#
........##...#
........##>..#
........##.<.#
.....$..##...#
......o.##...#
........##...#
#.o°.○..#
#...○@..#
####..○○○..#
........o..#
............#
............#
............#
.....c......#
............#
...........#


You could see an orc warrior (confused), a centaur and 2 orcs.

Vanquished Creatures
  A two-headed ogre (D:8)
  Pikel (D:7)
  The ghost of juncz the Chiller, a novice DrIE of Gozag (D:6)
  A komodo dragon (D:8)
  A steam dragon (D:8)
  2 water moccasins (D:5)
  2 sky beasts (D:7)
  An orc warrior (D:6)
  An ice beast (D:6)
  A black bear (D:8)
  5 ogres
  A centaur (D:8)
  2 lemures (D:7)
  A kobold brigand (D:8)
  2 bullfrogs
  A necrophage (D:5)
  A scorpion (D:5)
  A gnoll sergeant (D:8)
  3 killer bees (D:8)
  2 howler monkeys
  4 hounds
  3 orc priests
  2 gnoll boudas
  8 iguanas
  Jessica (D:2)
  Terence (D:2)
  4 orc wizards
  12 gnolls
  4 adders
  2 white imps
  7 worms
  A dart slug (D:4)
  16 orcs
  7 bats
  8 endoplasms
  4 giant cockroaches
  7 goblins
  6 hobgoblins
  6 quokkas
  5 ball pythons
  3 frilled lizards
  10 kobolds
  10 rats
162 creatures vanquished.

Vanquished Creatures (collateral kills)
  Sigmund (D:2)
  A gnoll (D:8)
  An orc (D:4)
  A kobold (D:2)
4 creatures vanquished.

Vanquished Creatures (others)
  317 foxfires
  8 plants (D:8)
325 creatures vanquished.

Grand Total: 491 creatures vanquished

Notes
Turn   | Place    | Note
-------+----------+-------------------------------------------
     0 | D:1      | pokeman the Deep Elf Hedge Wizard began the quest for the
                  | Orb.
     0 | D:1      | Reached XP level 1. HP: 10/10 MP: 7/7
   194 | D:1      | Reached XP level 2. HP: 15/15 MP: 2/9
   470 | D:1      | Found a faded altar of an unknown god.
   765 | D:1      | Reached skill level 5 in Spellcasting
   993 | D:2      | Reached XP level 3. HP: 17/20 MP: 3/11
  1000 | D:2      | Learned a level 3 spell: Mephitic Cloud
  1003 | D:2      | Learned a level 2 spell: Call Imp
  1006 | D:2      | Learned a level 2 spell: Blink
  1009 | D:2      | Learned a level 2 spell: Cigotuvi's Dreadful Rot
  1197 | D:2      | Noticed Sigmund
  1721 | D:2      | Noticed Terence
  1750 | D:2      | Reached skill level 1 in Armour
  1754 | D:2      | Killed Terence
  1755 | D:2      | Reached skill level 1 in Fighting
  1755 | D:2      | Reached XP level 4. HP: 15/25 MP: 2/13
  2344 | D:2      | Noticed Jessica
  2348 | D:2      | Killed Jessica
  2616 | D:2      | Killed Sigmund
  2617 | D:2      | Reached skill level 6 in Spellcasting
  2617 | D:2      | Reached XP level 5. HP: 29/29 MP: 9/16
  2617 | D:2      | Reached XP level 6. HP: 34/34 MP: 9/17
  2803 | D:2      | Learned a level 2 spell: Wereblood
  3104 | D:3      | Found a sacrificial altar of Ru.
  3111 | D:3      | Found a blossoming altar of Fedhas.
  3797 | D:3      | Found a radiant altar of Vehumet.
  3797 | D:3      | Found a hazy altar of Hepliaklqana.
  3801 | D:3      | Became a worshipper of Vehumet
  3804 | D:3      | Found an iron altar of Okawaru.
  4046 | D:4      | Reached skill level 7 in Spellcasting
  4606 | D:4      | Reached skill level 1 in Necromancy
  4716 | D:4      | Reached skill level 1 in Transmutations
  4716 | D:4      | Reached XP level 7. HP: 38/38 MP: 16/20
  4737 | D:4      | Reached * piety under Vehumet
  4737 | D:4      | Offered knowledge of Foxfire by Vehumet.
  4740 | D:4      | Learned a level 1 spell: Foxfire
  5309 | D:4      | Found a hide-covered altar of Uskayaw.
  5486 | D:5      | Entered Level 5 of the Dungeon
  5541 | D:5      | Reached skill level 1 in Air Magic
  5541 | D:5      | Reached skill level 1 in Poison Magic
  5586 | D:5      | Reached skill level 8 in Spellcasting
  5701 | D:5      | Reached skill level 1 in Evocations
  6032 | D:5      | Reached skill level 1 in Fire Magic
  6090 | D:5      | Reached XP level 8. HP: 44/44 MP: 17/22
  6112 | D:5      | Reached skill level 9 in Spellcasting
  6230 | D:5      | Found a staircase to the Ecumenical Temple.
  6654 | D:6      | Offered knowledge of Poisonous Vapours by Vehumet.
  6655 | D:6      | Reached skill level 5 in Conjurations
  6773 | D:6      | Reached ** piety under Vehumet
  6842 | D:6      | Identified the +8 hand axe of Deformation {venom, Will+
                  | Int+3}
  6921 | D:6      | Found a transporter.
  6924 | D:6      | Noticed juncz's ghost (novice DrIE)
  6925 | D:6      | Found a transporter.
  7070 | D:6      | Reached skill level 10 in Spellcasting
  7390 | D:6      | Killed juncz's ghost
  7391 | D:6      | Reached XP level 9. HP: 27/48 MP: 21/25
  7396 | D:6      | Reached skill level 11 in Spellcasting
  7612 | D:7      | Noticed Pikel
  7629 | D:7      | Killed Pikel
  8260 | D:8      | Found a staircase to the Lair.
  8261 | D:8      | Noticed a komodo dragon
  8298 | D:8      | Reached skill level 12 in Spellcasting
  8298 | D:8      | Reached skill level 5 in Fire Magic
  8300 | D:8      | Killed a komodo dragon
  8592 | D:8      | Noticed a two-headed ogre
  8606 | D:8      | Killed a two-headed ogre
  8607 | D:8      | Reached XP level 10. HP: 56/56 MP: 18/28
  9075 | D:8      | Offered knowledge of Kindle Blastsparks by Vehumet.
  9214 | D:8      | Learned a level 3 spell: Kindle Blastsparks
  9236 | D:9      | HP: 1/56 [centaur/arrow (15)]
  9237 | D:9      | Shot with an arrow by a centaur

Illustrated notes

Levels and vault maps discovered:
D:1:      minmay_arrival_stone_box, layout_basic,
          shapermc_ecumenical_altar_notcrosses, minmay_liquid_box
D:2:      layout_basic, uniq_sigmund, uniq_terence, uniq_jessica
D:3:      layout_loops_cross, nicolae_overflow_hallway_of_the_gods
D:4:      layout_basic, nicolae_uskayaw_suspiria
D:5:      layout_gridville, minmay_temple_entry_sparse_star
D:6:      layout_basic, gammafunk_ghost_smash
D:7:      layout_basic, uniq_pikel
D:8:      layout_basic, david_lair_shrubbed
D:9:      layout_small_grid, serial_shops, shop, chequers_big_river,
          grunt_ministairs_3, bh_walls_and_bars

Skill      XL: |  1  2  3  4  5  6  7  8  9 |
---------------+----------------------------+-----
Spellcasting   | 5 6 7 8 10 12 | 12.9
Armour         | 1 2 3 |  3.3
Fighting       | 1 2 3 |  3.3
Conjurations   | 2 3 4 5 7 |  7.3
Dodging        | 3 4 |  4.0
Stealth        | 3 4 |  4.0
Necromancy     | 1 |  1.0
Transmutations | 1 |  1.0
Air Magic      | 1 |  1.1
Poison Magic   | 1 |  1.1
Evocations     | 1 |  1.0
Fire Magic     | 1 3 5 |  5.7
Summonings     | |  1.1
Translocations | |  1.1

Action                   |  1- 3 |  4- 6 |  7- 9 | 10-12 || total
-------------------------+-------+-------+-------+-------++-------
Melee: Dagger            |    10 |     3 |       |       ||    13
       Short sword       |       |     6 |       |       ||     6
       Trident           |       |    44 |    19 |       ||    63
       Broad axe         |       |       |    12 |       ||    12
       Hand axe          |       |       |    35 |    14 ||    49
 Cast: Magic Dart        |    77 |   125 |     2 |       ||   204
       Mephitic Cloud    |     2 |    12 |    14 |     4 ||    32
       Call Imp          |     1 |     4 |     2 |       ||     7
       Foxfire           |       |       |   162 |    10 ||   172
       Wereblood         |       |       |     4 |       ||     4
       Kindle Blastspark |       |       |       |     1 ||     1
 Stab: Confused          |     3 |     5 |     4 |     3 ||    15
       Sleeping          |       |     1 |     1 |       ||     2
Armor: Robe              |     4 |     2 |       |       ||     6
       Leather armour    |       |     5 |    15 |     2 ||    22
Dodge: Dodged            |    19 |    25 |    49 |    11 ||   104
Block: Other             |       |       |     2 |     5 ||     7

Table legend: (Time is in decaauts)
 A = Elapsed time spent in this place.
 B = Non-inter-level travel time spent in this place.
 C = Inter-level travel time spent in this place.
 D = Time resting spent in this place.
 E = Time spent auto-exploring this place.
 F = Levels seen in this place.
 G = Mean time per level.
                   A        B        C        D        E       F      G
               +--------+--------+--------+--------+--------+-----+--------+
         Total |   9274 |   8951 |    323 |    819 |   6784 |   9 | 1030.4 |
       Dungeon |   9274 |   8951 |    323 |    819 |   6784 |   9 | 1030.4 |
               +--------+--------+--------+--------+--------+-----+--------+

Top non-repeatable levels by time:
     D:2: 1799 daAuts
     D:4: 1300 daAuts
     D:1: 1210 daAuts
     D:3: 1194 daAuts
     D:6: 1051 daAuts
     D:8: 1041 daAuts
     D:5: 1040 daAuts
     D:7: 626 daAuts
     D:9: 9 daAuts
